 Dungeon Crawl Stone Soup version 0.28-a0-1613-gdaab1c2f9b (webtiles) character file.

Game seed: 6786178675864446749

588 soggyman666 the Magician (level 7, -5/46 HPs)
             Began as a Djinni Fire Elementalist on Jan 22, 2022.
             Slain by a vampire (12 damage)
             ... on level 5 of the Dungeon.
             The game lasted 00:21:01 (5304 turns).

soggyman666 the Magician (Djinni Fire Elementalist) Turns: 5304, Time: 00:21:02

Health: -5/46      AC:  3    Str:  7    XL:     7   Next: 65%
Gold:   561        EV: 16    Int: 19    God:
                   SH:  0    Dex: 13

rFire   + + .      SeeInvis .   (no weapon)
rCold   x . .      Faith    .   (no shield)
rNeg    . . .      Spirit   .   a - +0 robe
rPois   ∞          Reflect  .   (no helmet)
rElec   .          Harm     .   (no cloak)
rCorr   .          Rampage  .   c - +0 pair of gloves
Will    .....                   (boots unavailable)
Stlth   ++........              (no amulet)
HPRegen 0.15/turn               k - +4 ring of evasion
MPRegen 0.00/turn               (no ring)

@: about to teleport, flying
A: sickness immunity, fire resistance 2, cold vulnerability 1, float, innate
caster, hp casting, extra vitality 1
a: no special abilities


You were on level 5 of the Dungeon.
You visited 1 branch of the dungeon, and saw 5 of its levels.

You collected 561 gold pieces.

Inventory:

Missiles
 f - 96 stones
Armour
 a - a +0 robe (worn)
 c - a +0 pair of gloves (worn)
Jewellery
 k - a +4 ring of evasion (left hand)
Wands
 l - a wand of paralysis (14)
 m - a wand of charming (6)
Scrolls
 b - a scroll of teleportation
 i - a scroll of enchant weapon
 o - a scroll of identify
Potions
 d - a potion of ambrosia {unknown}
 e - a potion of might {unknown}
 g - a potion of heal wounds
 h - a potion of mutation {unknown}
 j - a potion of brilliance {unknown}
 n - a potion of invisibility {unknown}


   Skills:
 - Level 0.5 Fighting
 * Level 2.9 Dodging
 * Level 3.0 Stealth
 * Level 5.7 Spellcasting
 * Level 0.1 Evocations


You couldn't memorise any spells.
You knew the following spells:

 Your Spells              Type           Power      Damage    Failure   Level
a - Foxfire               Conj/Fire      100%       2x1d9     1%          1
b - Scorch                Fire           54%        2d8       1%          2
c - Stone Arrow           Conj/Erth      54%        3d10      3%          3
d - Sandblast             Erth           54%        2d13      1%          1
e - Flame Wave            Conj/Fire      27%        2d7       11%         4
g - Static Discharge      Conj/Air       27%        N/A       1%          2
h - Conjure Flame         Conj/Fire      27%        6-21      3%          3
I - Inner Flame           Hex/Fire       27%        N/A       3%          3
Your spell library was empty.

Dungeon Overview and Level Annotations

Branches:
Dungeon (5/15)
 Temple: D:4-7

Altars:


Innate Abilities, Weirdness & Mutations

You are immune to sickness and miasma.
You are immune to poison.
Your flesh is very heat resistant. (rF++)
You are vulnerable to cold. (rC-)
You float through the air rather than walking.
You learn spells naturally, not from books.
Your magical power is your life essence.
You have superior vitality. (+4 MHP)


Message History

Flames lash the vampire.
The vampire is burned terribly!
The vampire is moderately damaged.
Casting: Scorch (safe; 1% risk of failure)
Confirm with . or Enter, or press ? or * to list all spells.
Okay, then.
Casting: Scorch (safe; 1% risk of failure)
Confirm with . or Enter, or press ? or * to list all spells.
Aiming: Stone Arrow (dangerous; 3% risk of failure)
Press: ? - help, Shift-Dir - straight line, f - vampire
Aim: a vampire (moderately damaged, more vulnerable to fire, 71% to hit)
The stone arrow misses the vampire.
Casting: Stone Arrow (dangerous; 3% risk of failure)
Confirm with . or Enter, or press ? or * to list all spells.
Aiming: Stone Arrow (dangerous; 3% risk of failure)
Press: ? - help, Shift-Dir - straight line, f/p - vampire
Aim: a vampire (moderately damaged, more vulnerable to fire, 71% to hit)
The stone arrow hits the vampire!
The vampire is heavily damaged.
The vampire hits you! The vampire barely misses you.
Casting: Stone Arrow (dangerous; 3% risk of failure)
Confirm with . or Enter, or press ? or * to list all spells.
Aiming: Stone Arrow (dangerous; 3% risk of failure)
Press: ? - help, Shift-Dir - straight line, f/p - vampire
Aim: a vampire (heavily damaged, more vulnerable to fire, 71% to hit)
The stone arrow hits the vampire.
The vampire is heavily damaged.
The vampire closely misses you. The vampire barely misses you.
Casting: Stone Arrow (dangerous; 3% risk of failure)
Confirm with . or Enter, or press ? or * to list all spells.
Aiming: Stone Arrow (dangerous; 3% risk of failure)
Press: ? - help, Shift-Dir - straight line, f/p - vampire
Aim: a vampire (heavily damaged, more vulnerable to fire, 71% to hit)
The stone arrow hits the vampire but does no damage.
The vampire is heavily damaged.
The vampire misses you. The vampire bites you!
* * * LOW HITPOINT WARNING * * *
As you read the scroll of teleportation, it crumbles to dust.
You feel strangely unstable. The vampire barely misses you.
The vampire bites you!
You die...

##...............##.
##......(..>....##.
##... ##.............##.
#...[ #..............#.
#.... #.##.............
#.... #................
#..§ ##...(...........
#.§ ##...............
######'##V@..........###
.......†..#...........
............#.........
............#.........
######+###...........
#.......... ##........
...... .!..#.


You could see a vampire (combustible).

Vanquished Creatures
  A water moccasin (D:4)
  A phantom (D:4)
  A scorpion (D:4)
  A howler monkey (D:3)
  A gnoll shaman (D:4)
  An orc priest (D:3)
  A bullfrog skeleton (D:5)
  Jessica (D:3)
  Ijyb (D:4)
  A hound skeleton (D:4)
  6 gnolls
  4 adders
  A dart slug (D:5)
  4 orcs (D:3)
  5 endoplasms
  A giant cockroach (D:4)
  3 goblins
  9 jackals
  5 kobolds
  6 quokkas
  2 ball pythons
  5 bats
  7 frilled lizards
  5 rats
73 creatures vanquished.

Vanquished Creatures (others)
  162 foxfires
162 creatures vanquished.

Grand Total: 235 creatures vanquished

Notes
Turn   | Place    | Note
-------+----------+-------------------------------------------
     0 | D:1      | soggyman666 the Djinni Fire Elementalist began the quest
                  | for the Orb.
     0 | D:1      | Reached XP level 1. HP: 15/15 MP: 0/0
   189 | D:1      | Reached XP level 2. HP: 13/21 MP: 0/0
   912 | D:1      | Reached skill level 3 in Spellcasting
  1056 | D:1      | Reached XP level 3. HP: 24/25 MP: 0/0
  1056 | D:1      | Learned a level 1 spell: Sandblast
  1691 | D:1      | Identified a scroll of acquirement
  1691 | D:1      | Acquired 430 gold pieces
  2018 | D:2      | Reached XP level 4. HP: 2/31 MP: 0/0
  2818 | D:3      | Found a faded altar of an unknown god.
  3051 | D:3      | Reached XP level 5. HP: 29/35 MP: 0/0
  3051 | D:3      | Learned a level 2 spell: Static Discharge
  3199 | D:3      | Noticed Jessica
  3472 | D:3      | Killed Jessica
  3473 | D:3      | Reached skill level 4 in Spellcasting
  3753 | D:3      | Reached XP level 6. HP: 32/40 MP: 0/0
  3905 | D:4      | Noticed a water moccasin
  3914 | D:4      | Killed a water moccasin
  4154 | D:4      | Reached skill level 5 in Spellcasting
  4154 | D:4      | Reached XP level 7. HP: 31/46 MP: 0/0
  4154 | D:4      | Learned a level 3 spell: Stone Arrow
  4890 | D:4      | Noticed Ijyb
  4895 | D:4      | Killed Ijyb
  5176 | D:5      | Entered Level 5 of the Dungeon
  5297 | D:5      | Noticed a vampire
  5304 | D:5      | Slain by a vampire

Illustrated notes

Levels and vault maps discovered:
D:1:      lightli_arrival_farm, layout_basic
D:2:      layout_basic
D:3:      layout_basic, basic_ecumenical_altar, minmay_strange_pillars,
          kennysheep_jessica_study
D:4:      layout_cave_pods, uniq_ijyb
D:5:      kennysheep_six_static_rooms, layout_basic,
          minmay_temple_entry_overgrown

Skill      XL: |  1  2  3  4  5  6  7 |
---------------+----------------------+-----
Spellcasting   | 3 4 5 |  5.7
Stealth        | 2 3 |  3.0
Fighting       | |  0.5
Dodging        | |  2.9
Evocations     | |  0.1

Action                   |  1- 3 |  4- 6 |  7- 9 || total
-------------------------+-------+-------+-------++-------
 Cast: Foxfire           |    39 |    38 |    26 ||   103
       Scorch            |    21 |    15 |     7 ||    43
       Sandblast         |       |     6 |     1 ||     7
       Stone Arrow       |       |       |     6 ||     6
       Static Discharge  |       |       |     5 ||     5
  Use: Scroll            |     6 |     3 |     1 ||    10
Armor: Robe              |     5 |     2 |     1 ||     8
Dodge: Dodged            |    11 |     8 |     7 ||    26

Table legend: (Time is in decaauts)
 A = Elapsed time spent in this place.
 B = Non-inter-level travel time spent in this place.
 C = Inter-level travel time spent in this place.
 D = Time resting spent in this place.
 E = Time spent auto-exploring this place.
 F = Levels seen in this place.
 G = Mean time per level.
                   A        B        C        D        E       F      G
               +--------+--------+--------+--------+--------+-----+--------+
         Total |   5302 |   5135 |    167 |   1142 |   3416 |   5 | 1060.4 |
       Dungeon |   5302 |   5135 |    167 |   1142 |   3416 |   5 | 1060.4 |
               +--------+--------+--------+--------+--------+-----+--------+

Top non-repeatable levels by time:
     D:1: 1758 daAuts
     D:4: 1285 daAuts
     D:3: 1167 daAuts
     D:2: 963 daAuts
     D:5: 127 daAuts
